 Dungeon Crawl Stone Soup version 0.18.1-48-g4cf74bf (webtiles) character file.

284 glosham the Charlatan (level 6, -2/42 HPs)
             Began as a High Elf Abyssal Knight on July 27, 2016.
             Was a Priest of Lugonu.
             Slain by a gnoll
             ... wielding a +0 spear
              (8 damage)
             ... on level 4 of the Dungeon.
             The game lasted 00:29:03 (2130 turns).

glosham the Charlatan (High Elf Abyssal Knight)     Turns: 2130, Time: 00:29:05

Health: -2/42      AC:  8    Str: 11    XL:     6   Next: 7%
Magic:  11/11      EV:  9    Int: 19    God:    Lugonu [***...]
Gold:   172        SH:  0    Dex: 14    Spells: 0 memorised, 5 levels left

rFire  . . .     SeeInvis .     a - +4 war axe
rCold  . . .     Gourm    .     e - +1 scale mail
rNeg   . . .     Faith    .     (no shield)
rPois  .         Spirit   .     (no helmet)
rElec  .         Dismiss  .     (no cloak)
rCorr  .         Reflect  .     (no gloves)
SustAt .         Harm     .     x - +0 pair of boots
MR     .....                    (no amulet)
Stlth  ..........               (no ring)
                                (no ring)

@: not resistant to hostile enchantments, extremely unstealthy
A: no striking features
a: Depart the Abyss, Bend Space, Banish, Renounce Religion


You were on level 4 of the Dungeon.
You worshipped Lugonu.
Lugonu was most pleased with you.
You were not hungry.

You visited 1 branch of the dungeon, and saw 4 of its levels.
You visited the Abyss 1 time.

You collected 172 gold pieces.

Inventory:

Hand Weapons
 a - a +4 war axe (weapon)
 b - a +1 falchion
Missiles
 j - 8 arrows
 n - 59 stones (quivered)
 z - 11 bolts
Armour
 d - a +0 leather armour
 e - a +1 scale mail (worn)
 k - a +0 shield
 x - a +0 pair of boots (worn)
Magical Staves
 f - an uncursed staff of air
Wands
 g - a wand of teleportation (9/9)
Scrolls
 m - a scroll of fear
 o - 3 scrolls of enchant armour
Potions
 h - a potion of might
 l - a potion of flight
 p - 2 potions of degeneration {unknown}
 r - a potion of agility
 s - a potion of haste {unknown}
 t - a potion of curing {unknown}
 w - a potion of invisibility {unknown}
Books
 A - a book of Necromancy

   Spells                             Type                      Level
   a - Pain                           Necromancy                   1
   b - Animate Skeleton               Necromancy                   1
   c - Vampiric Draining              Necromancy                   3
   d - Regeneration                   Charms/Necromancy            3
   e - Animate Dead                   Necromancy                   4
   f - Control Undead                 Necromancy                   4
Comestibles
 c - 4 bread rations
 i - a meat ration
 q - 2 beef jerkies
 u - a chunk of flesh
 v - 8 fruits


   Skills:
 - Level 3.0 Fighting
 - Level 2.4 Long Blades
 - Level 0.8 Armour
 - Level 2.1 Dodging
 - Level 2.0 Invocations
 * Level 6.0 Evocations


You had 5 spell levels left.
You didn't know any spells.

Dungeon Overview and Level Annotations

Branches:
Dungeon (4/15)
 Temple: D:4-7

Altars:
Gozag
Nemelex Xobeh
Sif Muna
Zin


Message History

You have reached level 6!
Your experience leads to an increase in your attributes!
Increase (S)trength, (I)ntelligence, or (D)exterity?
You feel clever. x2
Your scale mail prevents you from hitting the gnoll.
The gnoll hits you but does no damage. x2
The gnoll hits you from afar with a spear.
You slash the gnoll!
The gnoll is heavily wounded.
The gnoll hits you but does no damage. The gnoll closely misses you.
The gnoll hits you but does no damage.
You hit the gnoll.
The gnoll is severely wounded.
The gnoll closely misses you. The gnoll hits you with a club.
* * * LOW HITPOINT WARNING * * *
The gnoll barely misses you.
You closely miss the gnoll.
The gnoll is severely wounded.
The gnoll closely misses you. The gnoll hits you but does no damage.
You hit the gnoll.
The gnoll is severely wounded.
The gnoll hits you with a club.
* * * LOW HITPOINT WARNING * * *
The gnoll hits you from afar with a spear.
* * * LOW HITPOINT WARNING * * *
The gnoll barely misses you. The gnoll hits you with a club.
* * * LOW HITPOINT WARNING * * *
You slash the gnoll!
You kill the gnoll!
Lugonu accepts your kill.
Your Evocations skill increases to level 6!
The gnoll hits you but does no damage.
You slash the quokka!
You kill the quokka!
Lugonu accepts your kill. The gnoll hits you but does no damage.
The gnoll closely misses you. The gnoll hits you with a spear.
* * * LOW HITPOINT WARNING * * *
You closely miss the gnoll. The gnoll hits you with a spear!
You die...

# .# ####.#
###....# #.....#
##..)g.# #...@#
#...^# .## #....#
..##.
#..#.#.........
#....#.#.........
#.##.#.#.......#
#. ###.#rg.....#
# #.#g.....#
#.#......


You could see a gnoll.

Vanquished Creatures
  2 centaur zombies (D:3)
  A gnoll shaman (D:4)
  An orc wizard (D:3)
  A hound skeleton (D:3)
  2 gnolls (D:4)
  2 adders (D:3)
  2 oozes
  An adder zombie (D:3)
  4 worms
  2 dart slugs
  5 orcs (D:3)
  6 giant cockroaches
  11 goblins
  6 hobgoblins
  8 jackals
  8 kobolds
  A quokka (D:4)
  7 bats
  5 giant newts
  A jackal zombie (D:3)
  10 rats
86 creatures vanquished.

Notes
Turn   | Place    | Note
--------------------------------------------------------------
     0 | Abyss:1  | glosham the High Elf Abyssal Knight began the quest for the Orb.
     0 | Abyss:1  | Reached XP level 1. HP: 16/16 MP: 3/3
    55 | Abyss:1  | Found a basalt altar of Yredelemnul.
    61 | Abyss:2  | Found a corrupted altar of Lugonu.
    91 | Abyss:2  | Found a corrupted altar of Lugonu.
    91 | Abyss:2  | Noticed a big kobold
    91 | Abyss:2  | Noticed a big kobold
    91 | Abyss:2  | Noticed a big kobold
    91 | Abyss:2  | Noticed a big kobold
    91 | Abyss:2  | Noticed a big kobold
    92 | Abyss:2  | Noticed a big kobold
   117 | Abyss:2  | Noticed a large abomination
   132 | D:1      | Escaped the Abyss
   146 | D:1      | Reached * piety under Lugonu
   146 | D:1      | Reached skill level 1 in Evocations
   154 | D:1      | HP: 1/16 [jackal (2)]
   155 | D:1      | Reached XP level 2. HP: 1/21 MP: 4/4
   167 | D:1      | HP: 1/21 [bat (1)]
   210 | D:1      | Reached skill level 2 in Evocations
   422 | D:1      | Reached XP level 3. HP: 20/26 MP: 5/5
   608 | D:1      | Reached ** piety under Lugonu
   703 | D:1      | Found an opulent altar of Gozag.
   761 | D:1      | Reached skill level 3 in Evocations
  1479 | D:3      | Reached XP level 4. HP: 25/31 MP: 7/7
  1563 | D:3      | Reached skill level 4 in Evocations
  1572 | D:3      | Reached *** piety under Lugonu
  1675 | D:3      | Found a glowing silver altar of Zin.
  1676 | D:3      | Found a deep blue altar of Sif Muna.
  1679 | D:3      | Reached XP level 5. HP: 21/36 MP: 9/9
  1800 | D:3      | Reached skill level 5 in Evocations
  2043 | D:3      | Found a sparkling altar of Nemelex Xobeh.
  2121 | D:4      | Reached XP level 6. HP: 12/42 MP: 11/11
  2126 | D:4      | Reached skill level 6 in Evocations
  2130 | D:4      | Slain by a gnoll

Skill      XL: |  1  2  3  4  5  6 |
---------------+-------------------+-----
Evocations     | 1 2 3 4 5 6 |  6.0
Fighting       | |  3.0
Long Blades    | |  2.4
Armour         | |  0.8
Dodging        | |  2.1
Invocations    | |  2.0

Action                   |  1- 3 |  4- 6 || total
-------------------------+-------+-------++-------
Melee: War axe           |   125 |   103 ||   228
Invok: Depart the Abyss  |     1 |       ||     1
  Use: Scroll            |     8 |     3 ||    11
       Potion            |     1 |       ||     1
  Eat: Chunk             |     2 |     3 ||     5
Armor: Scale mail        |    86 |    46 ||   132
Dodge: Dodged            |    71 |    54 ||   125

Table legend:
 A = Turns spent in this place as a percentage of turns spent in the entire game.
 B = Non-inter-level travel turns spent in this place as a percentage of non-inter-level travel turns spent in the entire game.
 C = Inter-level travel turns spent in this place as a percentage of turns spent in this place.
 D = Turns resting spent in this place as a percentage of non-inter-level travel turns spent in this place.
 E = Turns spent auto-exploring this place as a percentage of non-inter-level travel turns spent in this place.
 F = Non-inter-level travel turns spent in this place divided by the number of levels of this place that you've seen.
                   A       B       C       D       E      F
               +-------+-------+-------+-------+-------+----------------------
         Total | 100.0 | 100.0 |   0.5 |   0.3 |   0.6 | 250.0
       Dungeon |  90.8 |  90.7 |   0.6 |   0.3 |   0.7 | 340.2
         Abyss |   9.2 |   9.3 |   0.0 |   0.0 |   0.0 |  69.5
               +-------+-------+-------+-------+-------+----------------------

Table legend:
 A = Kills in this place as a percentage of kills in entire the game.
 B = Kills by you in this place as a percentage of kills by you in the entire game.
 C = Kills by friends in this place as a percentage of kills by friends in the entire game.
 D = Other kills in this place as a percentage of other kills in the entire game.
 E = Experience gained in this place as a percentage of experience gained in the entire game.
 F = Experience gained in this place divided by the number of levels of this place that you have seen.
                   A       B       C       D       E      F
               +-------+-------+-------+-------+-------+----------------------
         Total | 100.0 | 100.0 |  -nan |  -nan | 100.0 |  67.8
       Dungeon | 100.0 | 100.0 |  -nan |  -nan | 100.0 | 101.8
               +-------+-------+-------+-------+-------+----------------------

Vault maps used:
D:1:      dpeg_arrival_lava_altar
D:3:      gammafunk_temple_overflow_pools, first_bread, serial_undead,
          serial_undead_c, serial_undead_b, serial_undead_a, serial_undead_d,
          nemelex_dance_club_becter
D:4:      kennysheep_mini, nicolae_overflow_hidden_temple,
          serial_co_window_serial, co_window_corner_a, co_window_paths_a,
          co_window_paths_a, co_window_corner_a, co_window_of_opportunity_a,
          co_window_of_opportunity_c, co_window_2corner, co_window_corner_ca,
          co_window_unsneaky_path_d, glass_columns_a, glass_columns_c,
          uniq_eustachio
Abyss:2:  due_exit_kobolds, guppyfry_abyss_exit_imp_island
